 Dungeon Crawl Stone Soup version 0.20-a0-1006-ge6c5631 (webtiles) character file.

319 Ordine the Slasher (level 6, -2/37 HPs)
             Began as a Tengu Fighter on Apr 14, 2017.
             Slain by Pikel
             ... wielding a +0 whip of electrocution
              (19 damage)
             ... on level 3 of the Dungeon.
             The game lasted 00:07:36 (3939 turns).

Ordine the Slasher (Tengu Fighter)                  Turns: 3939, Time: 00:07:37

Health: -2/37      AC:  8    Str: 18    XL:     6   Next: 46%
Magic:  4/7        EV:  8    Int:  8    God:
Gold:   152        SH:  9    Dex: 14    Spells: 5/5 levels left

rFire    . . .     SeeInvis .   a - +0 long sword
rCold    . . .     Gourm    .   c - +0 shield
rNeg     . . .     Faith    .   b - +0 scale mail
rPois    .         Spirit   .   (helmet restricted)
rElec    .         Reflect  .   (no cloak)
rCorr    .         Harm     .   l - +0 pair of gloves
MR       .....                  (boots unavailable)
Stlth    ..........             (no amulet)
Regen    0.2/turn               (no ring)
MPRegen  0.1/turn               (no ring)

@: flying quickly and evasively, quick
A: beak, talons 3, able to fly 1
a: no special abilities


You were on level 3 of the Dungeon.
You were not hungry.

You visited 1 branch of the dungeon, and saw 4 of its levels.

You collected 152 gold pieces.

Inventory:

Hand Weapons
 a - a +0 long sword (weapon)
Armour
 b - a +0 scale mail (worn)
 c - a +0 shield (worn)
 l - a +0 pair of gloves (worn)
Scrolls
 m - a scroll of fear
Potions
 e - a potion of heal wounds
 h - a potion of cancellation
 i - 2 potions of lignification {unknown}
 k - 2 potions of agility {unknown}
 o - 2 potions of curing {unknown}
Books
 n - a book of Misfortune

   Spells                             Type                      Level
   a - Confusing Touch                Hexes                        1
   b - Confuse                        Hexes                        3
   c - Gell's Gravitas                Translocation                3
   d - Petrify                        Transmutation/Earth          4
   e - Metabolic Englaciation         Hexes/Ice                    5
   f - Yara's Violent Unravelling     Hexes/Transmutation          5
Comestibles
 f - 3 bread rations
 g - 2 chunks of flesh
 j - a royal jelly


   Skills:
 - Level 3.0 Fighting
 + Level 7.3 Long Blades
 - Level 3.2 Armour
 - Level 3.0 Shields


You had 5 spell levels left.
You didn't know any spells.

Dungeon Overview and Level Annotations

Branches:
Dungeon (4/15)
 Temple: D:4-7

Altars:

Annotations:
D:3 Pikel


Innate Abilities, Weirdness & Mutations

You have a beak for a mouth.
You have claws for feet.
You can fly.


Message History

You kill the adder!
Pikel says, "Slavery isn't that bad."
The rat twitches its whiskers.
There is a stone staircase leading down here.
You are starting to lose your buoyancy.
Pikel says, "I just want to get paid!"
You float gracefully downwards.
You hear the quick rusting of a very distant drain.
There is a stone staircase leading up here.
You block Pikel's attack. Pikel hits you but does no damage.
You climb upwards.
There is a stone staircase leading down here.
You block Pikel's attack.
Some of the chunks of flesh in your inventory have rotted away.
You swoop lightly up into the air.
You feel very comfortable in the air.
You feel somewhat more hungry. Pikel hits you but does no damage.
You are electrocuted!
Ouch! That really hurt!
You die...

#........#
#/#.........#####
#........#
#.########.##
#........###.# #.#
#.........##.#
#.###
#.........##.#
##...#
#########..#)#
#..#.#
#.....[#######'##.#
#.##...#....#≈≈≈#.#
#.###@K#.##.'≈≈≈'.#
#.# #.>#.#..#≈≈≈###
#.######.##.##'##
#......#.#..#...#
######.#..#.#...#
#.##.#.#...#
#.##.#.....#
#.##.####..#
#......#...#


You could see Pikel.

Vanquished Creatures
  2 slaves (D:4)
  Blork the orc (D:4)
  2 orc priests
  An orc wizard (D:4)
  A hound skeleton (D:4)
  3 gnolls (D:3)
  4 adders
  An ooze (D:1)
  An adder skeleton (D:4)
  2 worms
  A leopard gecko (D:1)
  7 orcs
  7 giant cockroaches
  9 goblins
  7 hobgoblins
  2 jackals (D:2)
  3 quokkas
  A ball python (D:3)
  6 bats
  4 frilled lizards
  6 kobolds
  6 rats
77 creatures vanquished.

Notes
Turn   | Place    | Note
-------+----------+-------------------------------------------
     0 | D:1      | Ordine the Tengu Fighter began the quest for the Orb.
     0 | D:1      | Reached XP level 1. HP: 14/14 MP: 2/2
   204 | D:1      | Reached skill level 3 in Long Blades
   204 | D:1      | Reached XP level 2. HP: 18/19 MP: 3/3
   810 | D:1      | Reached XP level 3. HP: 23/23 MP: 4/4
  1376 | D:2      | Reached skill level 4 in Long Blades
  2187 | D:3      | Reached XP level 4. HP: 25/28 MP: 5/5
  2196 | D:3      | Reached skill level 5 in Long Blades
  2523 | D:3      | Gained mutation: You can fly. [Tengu growth]
  2523 | D:3      | Reached XP level 5. HP: 8/32 MP: 6/6
  3289 | D:3      | Reached skill level 6 in Long Blades
  3536 | D:4      | Reached XP level 6. HP: 21/37 MP: 7/7
  3658 | D:4      | Noticed a slave
  3658 | D:4      | Noticed a slave
  3699 | D:4      | Killed a slave
  3709 | D:4      | Killed a slave
  3804 | D:4      | Noticed Blork the orc
  3814 | D:4      | Killed Blork the orc
  3814 | D:4      | Reached skill level 7 in Long Blades
  3873 | D:4      | Noticed Pikel
  3880 | D:4      | Noticed a slave
  3882 | D:4      | Noticed a slave
  3939 | D:3      | Slain by Pikel

Vault maps used:
D:1:      scummos_arrival_simple_fountains
D:2:      first_bread
D:3:      minmay_liquid_box
D:4:      portal_sewer_entry_a, minmay_misc_feat_pillars, uniq_pikel,
          uniq_blork_the_orc, uniq_robin

Skill      XL: |  1  2  3  4  5  6 |
---------------+-------------------+-----
Long Blades    | 3 4 5 6 7 |  7.3
Fighting       | |  3.0
Armour         | |  3.2
Shields        | |  3.0

Action                   |  1- 3 |  4- 6 || total
-------------------------+-------+-------++-------
Melee: Long sword        |    77 |   144 ||   221
       Peck              |    17 |    26 ||    43
       Kick              |    18 |    48 ||    66
 Abil: Fly               |       |     4 ||     4
  Use: Scroll            |     5 |     3 ||     8
       Potion            |       |     1 ||     1
  Eat: Chunk             |     4 |     6 ||    10
Armor: Scale mail        |    37 |    32 ||    69
Dodge: Dodged            |    23 |    46 ||    69
Block: Shield            |    43 |    61 ||   104
       Rpst.: Long sword |     6 |    11 ||    17
